 Dungeon Crawl Stone Soup version 0.29-a0-577-gafbf2c5d25 (webtiles) character file.

Game seed: 18211678389734309128

3408 shoop the Martial Artist (level 10, -4/97 HPs)
             Began as a Meteoran Transmuter on June 13, 2022.
             Was an Initiate of Gozag.
             Slain by a killer bee (6 damage)
             ... on level 9 of the Dungeon on June 14, 2022.
             The game lasted 00:22:46 (2384 turns).

shoop the Martial Artist (Meteoran Transmuter)      Turns: 2384, Time: 00:22:47

Health: -4/97      AC:  7    Str: 13    XL:     10   Next: 48%
Magic:  2/15       EV: 11    Int: 19    God:    Gozag
Gold:   554        SH:  0    Dex: 14    Spells: 4/15 levels left

rFire   x . .      SeeInvis .     - Unarmed
rCold   + + +      Faith    .   (shield currently unavailable)
rNeg    . . .      Spirit   .   (body armour currently unavailable)
rPois   +          Reflect  .   (helmet currently unavailable)
rElec   .          Harm     .   (cloak currently unavailable)
rCorr   .          Rampage  .   (gloves currently unavailable)
Will    +....                   (boots currently unavailable)
Stlth   +.........              (no amulet)
HPRegen 0.26/turn               (no ring)
MPRegen 0.14/turn               (no ring)

@: lethally poisoned (-4 -> -11), about to teleport, ice-form, gold aura, very
slightly contaminated, glowing
A: freezing attack, amphibious, boosted hp, large, sense surroundings 2,
otherworldly, glowing, explore regen
a: End Transformation, Renounce Religion, Potion Petition, Call Merchant, Bribe
Branch


You were on level 9 of the Dungeon.
You worshipped Gozag.
Gozag was pleased with you.
You were a creature of crystalline ice.
You visited 1 branch of the dungeon, and saw 9 of its levels.
You also visited: Sewer.

You collected 638 gold pieces.
You paid 84 gold pieces to Gozag.

Inventory:

Hand Weapons
 d - a +2 mace of draining (melded)
Armour
 a - a +0 robe (melded)
 p - a +2 leather armour of fire resistance
 s - a +0 crystal plate armour
 t - a +0 pair of gloves
 v - a +0 pair of boots
Jewellery
 l - a ring of see invisible
Wands
 f - a wand of charming (3)
 o - a wand of iceblast (14)
 u - a wand of flame (10)
 x - a wand of polymorph (12)
Scrolls
 c - 2 scrolls of teleportation
 e - a scroll of enchant weapon
 i - a scroll of torment
 j - 2 scrolls of magic mapping
 q - a scroll of fog
Potions
 b - 3 potions of mutation
 g - 2 potions of resistance {unknown}
 h - 3 potions of brilliance {unknown}
 k - a potion of flight
 m - a potion of ambrosia
 n - a potion of might
 r - a potion of berserk rage
 w - a potion of heal wounds {unknown}
 z - a potion of magic {unknown}


   Skills:
 - Level 5.0 Fighting
 - Level 5.0 Dodging
 + Level 11.6 Unarmed Combat
 - Level 3.0 Spellcasting
 - Level 2.0 Conjurations
 - Level 7.0 Transmutations
 - Level 4.0 Ice Magic
 - Level 3.0 Air Magic
 - Level 2.0 Poison Magic
 - Level 4.0 Evocations


You had 4 spell levels left.
You knew the following spells:

 Your Spells              Type           Power      Damage    Failure   Level
a - Mephitic Cloud        Conj/Pois/Air  11%        N/A       19%         3
b - Spider Form           Tmut/Pois      19%        N/A       7%          3
c - Ice Form              Ice/Tmut       23%        N/A       16%         4
i - Beastly Appendage     Tmut           58%        N/A       1%          1

Your spell library contained the following spells:

 Spells                   Type           Power      Damage    Failure   Level
 Wereblood                Tmut           29%        N/A       1%          2
 Magic Dart               Conj           40%        1d5       7%          1
 Poisonous Vapours        Pois/Air       24%        N/A       9%          2
 Call Imp                 Summ           2%         N/A       22%         2
 Sublimation of Blood     Necr           2%         N/A       22%         2
 Summon Hydra             Summ           1%         N/A       100%        7
 Corpse Rot               Necr/Pois/Air  Unusable   N/A       N/A         4

Dungeon Overview and Level Annotations

Branches:
Dungeon (9/15)              Sewer (visited)
 Temple: D:4-7         Lair: D:8-11         Orc: D:9-12

Altars:
Gozag
Kikubaaqudgha
Makhleb
The Shining One

Annotations:
D:8 Maggie


Innate Abilities, Weirdness & Mutations

You are a creature of crystalline ice.
You have a powerful freezing melee attack.
You are amphibious.
Your maximum health is increased.
Your armour is entirely melded.
You are incapable of wielding weapons or throwing items.
You passively map the area around you.
You are easily found by Zot.
You glow in the dark.
You regain HP and MP as you explore.


Message History

The killer bee stings you but does no damage.
The killer bee is distracted by your dazzling golden aura.
The yak falls into the water!
The yak drowns.
You now have 554 gold pieces (gained 11).
The killer bee stings you!
The killer bee buzzes angrily.
You hit the killer bee. You freeze the killer bee.
The killer bee is heavily wounded.
The killer bee stings you!
* * * LOW HITPOINT WARNING * * *
The killer bee stings you but does no damage.
Unknown command.
The killer bee attacks as you move away!
The killer bee stings you.
* * * LOW HITPOINT WARNING * * *
The killer bee attacks as you move away!
The killer bee stings you.
* * * LOW HITPOINT WARNING * * *
The killer bee is no longer distracted by gold.
The killer bee closely misses you.
The killer bee stings you but does no damage.
The killer bee stings you.
* * * LOW HITPOINT WARNING * * *
The killer bee stings you!
* * * LOW HITPOINT WARNING * * *
You are poisoned.
The killer bee poisons you!
Unknown command.
The killer bee attacks as you move away!
The killer bee stings you!
* * * LOW HITPOINT WARNING * * *
x2 You feel very sick.
The killer bee is distracted by your dazzling golden aura.
The yak is distracted by your dazzling golden aura.
The killer bee stings you but does no damage.
The killer bee is distracted by your dazzling golden aura. x2
The killer bee stings you.
You die...
Your body crumbles into a pile of gold.

, , ,,,$ , , , , , ,, $ *
,, # , , .......... , * ,
#., ,, ........ # * * ....,
, , ........# # , ,
.....######## .Y.Y...#.# ≈≈
.....≈≈≈≈≈≈≈# .Y....#.## ≈
≈ ≈≈≈≈≈≈≈≈≈≈≈≈####..#......
≈
≈≈≈≈≈≈≈≈≈Yy≈≈#............
≈≈
≈≈≈≈≈≈≈≈yy≈≈#.###$#......
≈≈≈≈≈≈≈≈≈≈yy≈≈#.#<$$.......
≈ ≈
≈≈≈≈≈≈≈≈≈≈≈≈#.###.$#+#+##
≈≈≈≈≈
≈≈≈≈≈≈≈≈≈≈≈≈#..Y)....# ≈≈≈
≈≈≈≈≈≈≈≈≈≈YY#..###)### ≈≈ ≈
≈≈S≈≈≈≈≈≈.....$..# #)#* , ≈
≈≈≈≈≈≈≈.≈$y≈##.# #..# ≈≈≈
≈≈≈≈≈≈≈.≈≈≈≈##.# ##.# ,


You could see 2 yaks and 6 killer bees.

Vanquished Creatures
  Psyche (D:7)
  Prince Ribbit (D:8)
  Sigmund (D:3)
  2 yaks
  A wyvern (D:8)
  A water moccasin (D:8)
  3 black bears
  2 centaurs
  3 ogres
  A kobold brigand (D:9)
  2 bullfrogs (D:7)
  A necrophage (D:7)
  4 wights (D:8)
  11 killer bees
  3 electric eels (D:9)
  2 hounds
  An orc priest (D:4)
  A gnoll shaman (D:7)
  2 iguanas (D:4)
  4 orc wizards
  4 gnolls
  A river rat (D:3)
  11 adders
  A shadow imp (D:7)
  An ufetubus (D:6)
  4 worms
  2 dart slugs
  11 orcs
  4 ball pythons
  4 endoplasms
  4 hobgoblins
  7 jackals
  4 quokkas
  4 bats
  3 frilled lizards
  2 goblins
  9 kobolds
  5 rats
128 creatures vanquished.

Vanquished Creatures (others)
  A plant (D:6)
1 creature vanquished.

Grand Total: 129 creatures vanquished

Notes
Turn   | Place    | Note
-------+----------+-------------------------------------------
     0 | D:1      | shoop the Meteoran Transmuter began the quest for the Orb.
     0 | D:1      | Reached XP level 1. HP: 16/16 MP: 5/5
    42 | D:1      | Reached XP level 2. HP: 23/23 MP: 6/6
   166 | D:2      | Reached skill level 4 in Unarmed Combat
   166 | D:2      | Reached XP level 3. HP: 22/28 MP: 6/8
   191 | D:2      | Learned a level 3 spell: Spider Form
   392 | D:3      | Noticed Sigmund
   404 | D:3      | Killed Sigmund
   405 | D:3      | Reached skill level 6 in Unarmed Combat
   405 | D:3      | Reached XP level 4. HP: 10/35 MP: 2/9
   405 | D:3      | Reached XP level 5. HP: 11/40 MP: 2/10
   405 | D:3      | Reached XP level 6. HP: 13/47 MP: 2/11
   410 | D:3      | Learned a level 4 spell: Ice Form
   521 | D:3      | Found a glowing drain.
   539 | Sewer    | Entered a sewer
   606 | Sewer    | HP: 3/70 [frilled lizard (1)]
   705 | Sewer    | Reached skill level 1 in Ice Magic
   706 | Sewer    | Reached skill level 7 in Unarmed Combat
   991 | D:4      | Noticed a black bear
   997 | D:4      | Reached XP level 7. HP: 32/52 MP: 8/12
  1010 | D:4      | Found an ancient bone altar of Kikubaaqudgha.
  1087 | D:5      | Entered Level 5 of the Dungeon
  1087 | D:5      | Noticed a water moccasin
  1269 | D:4      | Reached skill level 8 in Unarmed Combat
  1269 | D:4      | Reached XP level 8. HP: 32/59 MP: 10/13
  1314 | D:5      | Reached skill level 1 in Evocations
  1345 | D:5      | Reached skill level 5 in Transmutations
  1377 | D:5      | Found an opulent altar of Gozag.
  1407 | D:5      | Became a worshipper of Gozag Ym Sagoz the Greedy
  1644 | D:8      | Noticed a yak
  1644 | D:8      | Noticed a yak
  1645 | D:8      | Noticed a wyvern
  1645 | D:8      | Noticed a yak
  1647 | D:8      | Noticed a yak
  1654 | D:7      | Killed a yak
  1655 | D:7      | Gained mutation: You passively map the area around you.
                  | [Meteoran growth]
  1655 | D:7      | Reached XP level 9. HP: 57/69 MP: 11/14
  1762 | D:8      | Noticed Psyche
  1770 | D:7      | Killed Psyche
  1771 | D:7      | Reached skill level 9 in Unarmed Combat
  1895 | D:8      | Reached skill level 10 in Unarmed Combat
  1949 | D:8      | Noticed Maggie
  2091 | D:7      | Found a glowing golden altar of the Shining One.
  2148 | D:7      | Found a burning altar of Makhleb.
  2178 | D:7      | Learned a level 3 spell: Mephitic Cloud
  2228 | D:8      | Noticed Prince Ribbit
  2238 | D:8      | Killed Prince Ribbit
  2239 | D:8      | Reached skill level 5 in Fighting
  2239 | D:8      | Reached skill level 5 in Dodging
  2239 | D:8      | Reached skill level 1 in Air Magic
  2239 | D:8      | Reached XP level 10. HP: 81/81 MP: 15/15
  2273 | D:8      | Reached skill level 1 in Conjurations
  2337 | D:9      | Reached skill level 11 in Unarmed Combat
  2384 | D:9      | HP: 4/97 [killer bee (8)]
  2384 | D:9      | Slain by a killer bee

Illustrated notes

Levels and vault maps discovered:
D:1:      amcnicky_arrival_abandoned_market, layout_rooms,
          hangedman_decor_slide_cut, hex_tiny
D:2:      layout_loops_ring, hangedman_decor_riveting
D:3:      layout_rooms, portal_sewer_entry_a, uniq_sigmund
D:4:      layout_rooms, mainiacjoe_overflow_alcove_1, guppyfry_shop_venom
D:5:      layout_basic, grunt_gozag_statues, mainiacjoe_overflow_tiny_flanked
D:6:      layout_basic, nicolae_overflow_squiral,
          minmay_temple_entry_gardened_gates, ebering_ghost_sewer_d,
          minmay_misc_feat_rows
D:7:      layout_basic, mainiacjoe_overflow_alcove_2,
          nicolae_tso_carved_into_rock, minmay_misc_feat_hallway
D:8:      layout_cave_pools, lemuel_blue_sif_altar, uniq_prince_ribbit1,
          uniq_psyche, uniq_maggie
D:9:      layout_basic, nicolae_vehumet_altar_sigil

Skill      XL: |  1  2  3  4  5  6  7  8  9 10 |
---------------+-------------------------------+-----
Spellcasting   | 3 |  3.0
Unarmed Combat | 4 6 7 8 10 11 | 11.6
Transmutations | 3 4 6 7 |  7.0
Poison Magic   | 2 |  2.0
Dodging        | 3 5 |  5.0
Ice Magic      | 1 2 3 4 |  4.0
Evocations     | 3 4 |  4.0
Fighting       | 3 5 |  5.0
Air Magic      | 1 3 |  3.0
Conjurations   | 2 |  2.0

Action                   |  1- 3 |  4- 6 |  7- 9 | 10-12 || total
-------------------------+-------+-------+-------+-------++-------
Melee: Unarmed           |    16 |     5 |   178 |    41 ||   240
       Headbutt          |     4 |     4 |     1 |       ||     9
       Kick              |     5 |     5 |       |       ||    10
       Mace              |    33 |    85 |    19 |       ||   137
       Punch             |       |     3 |       |       ||     3
 Cast: Beastly Appendage |     5 |     6 |     1 |       ||    12
       Spider Form       |     1 |     1 |    18 |       ||    20
       Ice Form          |       |       |     5 |     4 ||     9
       Mephitic Cloud    |       |       |       |     2 ||     2
 Abil: End Transformatio |       |       |     2 |       ||     2
Evoke: Wand              |       |       |       |     5 ||     5
  Use: Potion            |       |     2 |       |       ||     2
       Scroll            |       |       |     8 |     1 ||     9
 Stab: Distracted        |       |       |       |     1 ||     1
       Confused          |       |       |       |     1 ||     1
Armor: Robe              |     6 |    36 |     2 |     1 ||    45
       Skin              |       |    15 |    16 |    17 ||    48
Dodge: Dodged            |    23 |    84 |   123 |    25 ||   255

Table legend: (Time is in decaauts)
 A = Elapsed time spent in this place.
 B = Non-inter-level travel time spent in this place.
 C = Inter-level travel time spent in this place.
 D = Time resting spent in this place.
 E = Time spent auto-exploring this place.
 F = Levels seen in this place.
 G = Mean time per level.
                   A        B        C        D        E       F      G
               +--------+--------+--------+--------+--------+-----+--------+
         Total |   2426 |   2426 |      0 |      0 |      0 |  10 |  242.6 |
       Dungeon |   2102 |   2102 |      0 |      0 |      0 |   9 |  233.6 |
         Sewer |    324 |    324 |      0 |      0 |      0 |   1 |  324.0 |
               +--------+--------+--------+--------+--------+-----+--------+

Top non-repeatable levels by time:
     D:7: 639 daAuts
     D:2: 336 daAuts
   Sewer: 324 daAuts
     D:4: 303 daAuts
     D:3: 291 daAuts
     D:5: 159 daAuts
     D:8: 158 daAuts
     D:1: 91 daAuts
     D:9: 68 daAuts
     D:6: 54 daAuts
